 Dungeon Crawl Stone Soup version 0.20-a0-972-gb9bd3e6 (console) character file.

1659 pagos the Cruncher (level 9, -25/52 HPs)
             Began as a Gargoyle Gladiator on Apr 10, 2017.
             Killed from afar by a lich (50 damage)
             ... with a lance of force
             ... on level 1 of the Abyss.
             The game lasted 00:13:46 (4017 turns).

pagos the Cruncher (Gargoyle Gladiator)             Turns: 4017, Time: 00:13:48

Health: -25/52     AC: 19    Str: 22    XL:     9   Next: 0%
Magic:  9/9        EV:  8    Int:  8    God:
Gold:   290        SH:  0    Dex: 14    Spells: 8/8 levels left

rFire    . . .     SeeInvis .   a - +0 quarterstaff
rCold    . . .     Gourm    .   (shield currently unavailable)
rNeg     + . .     Faith    .   m - +0 plate armour
rPois    ∞         Spirit   .   c - +1 helmet
rElec    +         Reflect  .   (no cloak)
rCorr    .         Harm     .   (no gloves)
MR       .....                  (no boots)
Stlth    ..........             (no amulet)
Regen    0.2/turn               s - ring of wizardry
MPRegen  0.2/turn               n - +3 ring of dexterity

@: about to teleport
A: negative energy resistance 1, electricity resistance, unbreathing,
petrification resistance, rot immunity, AC +5
a: no special abilities


You were on level 1 of the Abyss.
You were hungry.

You visited 1 branch of the dungeon, and saw 5 of its levels.
You visited the Abyss 1 time.
You also visited: Sewer and Ossuary.

You collected 290 gold pieces.

Inventory:

Hand Weapons
 a - a +0 quarterstaff (weapon)
Missiles
 d - 3 throwing nets
 p - 5 exploding tomahawks (quivered)
Armour
 c - a +1 helmet (worn)
 m - a +0 plate armour (worn)
Jewellery
 n - a +3 ring of dexterity (right hand)
 s - a ring of wizardry (left hand)
Scrolls
 b - 3 scrolls of teleportation
 e - a scroll of enchant armour
 g - 4 scrolls of identify
 r - 2 scrolls of remove curse
 t - a scroll of magic mapping
Potions
 h - a potion of cancellation
 i - a potion of haste {unknown}
 j - 6 potions of curing
 o - a potion of flight {unknown}
 q - 2 potions of ambrosia {unknown}
 v - a potion of degeneration {unknown}
 x - 3 potions of magic
 z - a potion of brilliance {unknown}
 A - a potion of heal wounds {unknown}
Books
 w - a book of Misfortune

   Spells                             Type                      Level
   a - Confusing Touch                Hexes                        1
   b - Confuse                        Hexes                        3
   c - Gell's Gravitas                Translocation                3
   d - Petrify                        Transmutation/Earth          4
   e - Metabolic Englaciation         Hexes/Ice                    5
   f - Yara's Violent Unravelling     Hexes/Transmutation          5
Comestibles
 f - 3 bread rations
 l - 3 meat rations


   Skills:
 + Level 4.7 Fighting
 * Level 9.3 Staves
 - Level 1.7 Throwing
 + Level 4.0 Armour
 + Level 4.0 Dodging


You had 8 spell levels left.
You didn't know any spells.

Dungeon Overview and Level Annotations

Branches:
Dungeon (5/15)
 Temple: D:4-7

Altars:
Xom


Innate Abilities, Weirdness & Mutations

You are resistant to torment.
Your stone body is resilient. (AC +5)
You are immune to poison.
You resist negative energy. (rN+)
You are resistant to electric shocks. (rElec)
You can survive without breathing.
You are immune to petrification.
You are immune to rotting.


Message History

The blast of poison misses you.
As you read the scroll of teleportation, it crumbles to dust.
You feel strangely unstable.
You feel the power of the Abyss delaying your translocation!
A lich appears from thin air!
Reactivating autopickup.
Okay, then.
The orange demon is engulfed in poison gas.
The orange demon is poisoned.
The orange demon is engulfed in poison gas.
The orange demon looks even sicker.
The orange demon stings you but does no damage. 2 insubstantial wisps come into view. 2 insubstantial wisps come into view.
The insubstantial wisp gives a chilling moan. x3
You hear a screech!
The lich points at you and mumbles some strange words.
The lance of force hits you!
Ouch! That really hurt!
You die...

.#.#.##..2.#..#
.# ..#.#
###..#.. #. .
...###...#.. .
..
#....#.##.#.##
#......./##.#vv#
#..#....##..#. #
..#.#.22##§#.#.#
.#.#..#.L§.#..v§
..###§§§@.v.#
### #§4##....#
##§.#..##..#
#..#.#.# .
..##.#..# #.. ..
#.. ... .# ...
#..## #.


You could see a lich, a green death, an orange demon, a hellion and 3
insubstantial wisps.

Vanquished Creatures
  A sixfirhy (Abyss:1)
  Duvessa (D:5)
  Purgy (Sewer)
  A black bear (D:4)
  2 ogres
  A phantom (D:5)
  A centaur (D:5)
  A crocodile (D:5)
  2 bullfrogs
  Dowan (D:5)
  A water moccasin zombie (D:5)
  3 hounds
  A bullfrog zombie (D:5)
  A centaur zombie (Ossuary)
  A centaur skeleton (D:4)
  2 human zombies (Ossuary)
  An iguana (D:4)
  2 worker ants (D:4)
  2 big kobold zombies (Ossuary)
  3 mummies (Ossuary)
  4 gnolls
  7 adders
  A howler monkey skeleton (D:5)
  An ooze (D:3)
  3 adder zombies (Ossuary)
  An adder skeleton (D:5)
  A worm (D:3)
  3 dart slugs
  4 leopard geckos
  4 orcs
  4 bats
  3 giant cockroaches
  7 goblins
  6 hobgoblins
  11 kobolds
  2 quokkas
  6 ball pythons
  6 frilled lizards
  3 gnoll zombies (Ossuary)
  3 goblin zombies (Ossuary)
  4 hobgoblin zombies (Ossuary)
  4 jackal zombies (Ossuary)
  3 kobold zombies (Ossuary)
  5 quokka zombies (Ossuary)
  8 rats
  3 rat zombies (Ossuary)
136 creatures vanquished.

Notes
Turn   | Place    | Note
-------+----------+-------------------------------------------
     0 | D:1      | pagos the Gargoyle Gladiator began the quest for the Orb.
     0 | D:1      | Reached XP level 1. HP: 12/12 MP: 1/1
    82 | D:1      | Reached XP level 2. HP: 17/17 MP: 2/2
   467 | D:1      | Reached skill level 4 in Staves
   467 | D:1      | Reached XP level 3. HP: 21/21 MP: 3/3
   952 | D:2      | Found a faded altar of an unknown god.
  1268 | D:2      | Reached XP level 4. HP: 19/26 MP: 4/4
  1291 | D:2      | Found a shimmering altar of Xom.
  1413 | D:3      | Reached skill level 5 in Staves
  1439 | D:3      | Reached XP level 5. HP: 27/30 MP: 5/5
  1705 | D:3      | Found a glowing drain.
  1741 | D:3      | Reached skill level 6 in Staves
  1756 | Sewer    | Entered a sewer
  1783 | Sewer    | Noticed Purgy
  1794 | Sewer    | Reached XP level 6. HP: 25/35 MP: 6/6
  1809 | Sewer    | Killed Purgy
  1809 | Sewer    | Reached skill level 7 in Staves
  2253 | D:4      | Found a sand-covered staircase.
  2262 | Ossuary  | Entered an ossuary
  2480 | Ossuary  | Reached XP level 7. HP: 38/40 MP: 7/7
  2826 | Ossuary  | Reached skill level 1 in Armour
  3139 | D:4      | Reached skill level 8 in Staves
  3461 | D:4      | Reached XP level 8. HP: 40/46 MP: 8/8
  3597 | D:5      | Entered Level 5 of the Dungeon
  3676 | D:5      | Noticed Duvessa
  3677 | D:5      | Noticed Dowan
  3689 | D:5      | Killed Duvessa
  3695 | D:5      | Killed Dowan
  3870 | D:5      | Reached skill level 9 in Staves
  3932 | D:5      | Cast into level 1 of the Abyss (gnoll)
  3932 | Abyss:1  | Found a corrupted altar of Lugonu.
  3979 | Abyss:1  | Noticed a green death
  3983 | Abyss:1  | Noticed a lich
  4002 | Abyss:1  | Noticed a hellion
  4005 | Abyss:1  | Noticed a sixfirhy
  4013 | Abyss:1  | Noticed an orange demon
  4013 | Abyss:1  | Killed a sixfirhy
  4013 | Abyss:1  | Reached XP level 9. HP: 24/52 MP: 9/9
  4017 | Abyss:1  | Killed from afar by a lich

Vault maps used:
D:1:      minmay_arrival_jagged
D:2:      tgw_xom, chequers_ecumenical_altar_simple
D:3:      gup_sewer_entry_bowl, solitary_fountain
D:4:      first_bread, lightli_ossuary_entry_decrepit_ruins
D:5:      serial_undead, serial_undead_e, serial_undead_e, serial_undead_d,
          serial_undead_c, uniq_duvessa
Sewer:    sewer_co_purgy_island
Ossuary:  minmay_ossuary_two_tombs

Skill      XL: |  1  2  3  4  5  6  7  8 |
---------------+-------------------------+-----
Staves         | 4 5 6 7 8 9 |  9.3
Armour         | 2 4 |  4.0
Fighting       | 3 4 |  4.7
Dodging        | 3 4 |  4.0
Throwing       | |  1.7

Action                   |  1- 3 |  4- 6 |  7- 9 || total
-------------------------+-------+-------+-------++-------
Melee: Quarterstaff      |   105 |   209 |   227 ||   541
Throw: Tomahawk          |       |       |     2 ||     2
  Use: Scroll            |     6 |     3 |     3 ||    12
       Potion            |       |       |     1 ||     1
  Eat: Royal jelly       |       |     1 |     1 ||     2
       Chunk             |       |     3 |     3 ||     6
Armor: Leather armour    |     3 |       |       ||     3
       Ring mail         |    53 |    17 |       ||    70
       Plate armour      |       |   177 |   169 ||   346
Dodge: Dodged            |    72 |   110 |    70 ||   252
